 Dungeon Crawl Stone Soup version 0.18-b1-22-ge198996 (webtiles) character file.

186 RudyRod the Conjurer (level 5, 0/36 HPs)
             Began as a Demonspawn Conjurer on May 4, 2016.
             Was an Initiate of Vehumet.
             Slain by a crocodile (19 damage)
             ... in a sewer.
             The game lasted 00:15:25 (4214 turns).

RudyRod the Conjurer (Demonspawn Conjurer)          Turns: 4214, Time: 00:15:26

Health: 0/36       AC:  3    Str:  8    XL:     5   Next: 38%
Magic:  5/9        EV: 13    Int: 17    God:    Vehumet [......]
Gold:   115        SH:  0    Dex: 16    Spells: 1 memorised, 9 levels left

rFire  . . .     SeeInvis .     j - +0 short sword
rCold  . . .     Gourm    .     a - +0 robe
rNeg   . . .     Faith    .     (no shield)
rPois  .         Spirit   .     g - +0 helmet
rElec  .         Dismiss  .     (no cloak)
rCorr  .         Reflect  .     (no gloves)
SustAt .         Harm     .     (no boots)
MR     .....                    (no amulet)
Stlth  ++++......               (no ring)
                                (no ring)

@: not resistant to hostile enchantments, stealthy
A: thin skeletal structure 1, nightstalker 1
a: Renounce Religion


You were in a sewer.
You worshipped Vehumet.
Vehumet was noncommittal.
You were not hungry.

You visited 1 branch of the dungeon, and saw 3 of its levels.
You also visited: Sewer.

You collected 115 gold pieces.

Inventory:

Hand Weapons
 h - a +0 club
 j - a +0 short sword (weapon)
 l - a +0 dagger of holy wrath
Armour
 a - a +0 robe (worn)
 g - a +0 helmet (worn)
 u - a cursed +0 helmet
Scrolls
 d - 3 scrolls of remove curse {unknown}
 e - a scroll of magic mapping {unknown}
 o - 3 scrolls of teleportation {unknown}
 q - 2 scrolls of enchant weapon {unknown}
 s - 2 scrolls of identify {unknown}
 v - 2 scrolls of amnesia {unknown}
 x - a scroll of blinking {unknown}
Potions
 f - a potion of curing {unknown}
 i - a potion of haste {unknown}
 n - 2 potions of agility {unknown}
 p - a potion of cure mutation {unknown}
 r - a potion of beneficial mutation {unknown}
 t - a potion of lignification {unknown}
 w - a potion of brilliance {unknown}
 z - a potion of flight {unknown}
Books
 b - a book of Conjurations

   Spells                             Type                      Level
   a - Magic Dart                     Conjuration                  1
   b - Searing Ray                    Conjuration                  2
   c - Dazzling Spray                 Conjuration/Hexes            3
   d - Fulminant Prism                Conjuration/Hexes            4
   e - Iskenderun's Mystic Blast      Conjuration                  4
   f - Iskenderun's Battlesphere      Conjuration/Charms           5
Comestibles
 c - 3 bread rations
 k - 3 fruits
 m - a slice of pizza


   Skills:
 + Level 0.8 Fighting
 + Level 0.8 Short Blades
 + Level 2.8 Dodging
 + Level 2.3 Stealth
 + Level 3.0 Spellcasting
 + Level 5.1 Conjurations


You had 9 spell levels left.
You knew the following spells:

 Your Spells              Type           Power        Failure   Level  Hunger
a - Magic Dart            Conj           ###.         2%          1    None


Dungeon Overview and Level Annotations

Branches:
Dungeon (3/15)

Altars:
Fedhas
Qazlal
Vehumet


Innate Abilities, Weirdness & Mutations

You have a somewhat thin skeletal structure (Dex +2, Stealth).
You are slightly more attuned to the shadows.


Message History

The magic dart hits the crocodile.
The crocodile is lightly wounded.
Casting: Magic Dart
Confirm with . or Enter, or press ? or * to list all spells.
Aiming: Magic Dart
Press: ? - help, Shift-Dir - straight line, f/p - crocodile
Aim: a crocodile (lightly wounded)
The magic dart hits the crocodile.
The crocodile is moderately wounded.
Casting: Magic Dart
Confirm with . or Enter, or press ? or * to list all spells.
Aiming: Magic Dart
Press: ? - help, Shift-Dir - straight line, f/p - crocodile
Aim: a crocodile (moderately wounded)
The magic dart hits the crocodile.
The crocodile is moderately wounded.
The crocodile bites you! The crocodile bites you!!
Ouch! That really hurt!
You die...

######## #≈## #
###......### ##≈## #!
###...≈≈.....### #.≈.#
#[≈##.....####.≈...###
#.≈.. ###.≈≈..###
###≈≈.≈.###.≈..
#..≈.≈.##
##.(≈.≈.).≈.#
###.≈..≈###
#≈≈...###.≈..
#%.##.....####≈≈.≈.###
#.≈.. #?
###...t@≈..≈.### #.≈.#
###....≈.### ##≈##
######## #≈## #≈# ###


You could see a crocodile.

Vanquished Creatures
  The ghost of bollicks1999 the Sneak, an amateur OpAs (D:3)
  3 adders
  An ooze (D:1)
  A worm (D:2)
  9 giant geckos
  4 giant cockroaches
  3 goblins
  7 hobgoblins
  8 jackals
  13 kobolds
  7 bats
  6 giant newts
  4 rats
67 creatures vanquished.

Notes
Turn   | Place    | Note
--------------------------------------------------------------
     0 | D:1      | RudyRod the Demonspawn Conjurer began the quest for the Orb.
     0 | D:1      | Reached XP level 1. HP: 13/13 MP: 3/3
   314 | D:1      | Gained mutation: You are slightly more attuned to the shadows. [demonic ancestry]
   314 | D:1      | Reached XP level 2. HP: 8/19 MP: 0/5
  1214 | D:1      | Reached XP level 3. HP: 18/24 MP: 2/6
  1700 | D:2      | Found a blossoming altar of Fedhas.
  2480 | D:2      | Found a radiant altar of Vehumet.
  2561 | D:2      | Became a worshipper of Vehumet
  2579 | D:2      | Found a stormy altar of Qazlal.
  3355 | D:2      | Reached XP level 4. HP: 31/31 MP: 1/7
  3633 | D:3      | Found a stormy altar of Qazlal.
  3638 | D:3      | Noticed bollicks1999's ghost (amateur OpAs)
  3653 | D:3      | Killed bollicks1999's ghost
  3653 | D:3      | Reached skill level 5 in Conjurations
  3653 | D:3      | Gained mutation: You have a somewhat thin skeletal structure (Dex +2, Stealth). [demonic ancestry]
  3653 | D:3      | Reached XP level 5. HP: 19/36 MP: 0/9
  3815 | D:3      | Found a glowing drain.
  3885 | Sewer    | Entered a sewer
  4203 | Sewer    | Noticed a crocodile
  4214 | Sewer    | Slain by a crocodile

Skill      XL: |  1  2  3  4  5 |
---------------+----------------+-----
Stealth        | 2 |  2.3
Dodging        | 2 |  2.8
Conjurations   | 5 |  5.1
Spellcasting   | 3 |  3.0
Fighting       | |  0.8
Short Blades   | |  0.8

Action                   |  1- 3 |  4- 6 || total
-------------------------+-------+-------++-------
Melee: Club              |     9 |       ||     9
       Short sword       |    21 |    57 ||    78
 Cast: Magic Dart        |    98 |    50 ||   148
  Eat: Chunk             |     4 |     3 ||     7
       Bread ration      |     1 |       ||     1
Armor: Robe              |    17 |    15 ||    32
Dodge: Dodged            |    43 |    58 ||   101
